 Dungeon Crawl Stone Soup version 0.31-a0-83-gbff143cfd1 (webtiles) character file.

Game seed: 10412547339048746027

42 browni3141 the Cutter (level 3, -3/29 HPs)
             Began as a Mummy Fighter on May 24, 2023.
             Slain by a goblin
             ... wielding a +0 club
             ... led by Robin
              (6 damage)
             ... on level 1 of the Dungeon.
             The game lasted 00:01:33 (1032 turns).

browni3141 the Cutter (Mummy Fighter)               Turns: 1032, Time: 00:01:34

Health: -3/29      AC:  7    Str: 19    XL:     3   Next: 33%
Magic:  3/3        EV:  9    Int:  9    God:
Gold:   78         SH:  4    Dex: 11    Spells: 2/2 levels left

rFire   x . .        a - +0 rapier
rCold   + . .        c - +0 buckler
rNeg    + + +        b - +0 scale mail
rPois   ∞            (no helmet)
rElec   .            h - +0 cloak
rCorr   .            (no gloves)
SInv    .            (no boots)
Will    .....        (no amulet) Stlth
                     (no ring)
HPRegen 0.24/turn    (no ring)
MPRegen 0.08/turn

%: faith
@: no status effects
A: cold resistance 1, negative energy resistance 3, torment resistance 2, heat
vulnerability 1, in touch with death 1, no potions, faith
a: no special abilities


You were on level 1 of the Dungeon.
You visited 1 branch of the dungeon, and saw 2 of its levels.

You collected 78 gold pieces.

Inventory:

Hand Weapons
 a - a +0 rapier (weapon)
Armour
 b - a +0 scale mail (worn)
 c - a +0 buckler (worn)
 h - a +0 cloak (worn)
Scrolls
 d - 4 scrolls of identify {unknown}
 e - a scroll of noise {unknown}
 f - a scroll of enchant weapon {unknown}
 g - a scroll of enchant armour {unknown}


   Skills:
 - Level 3.0 Fighting
 * Level 3.1 Short Blades
 - Level 2.4 Armour
 - Level 2.4 Shields


You had 2 spell levels left.
You didn't know any spells.
Your spell library was empty.

Dungeon Overview and Level Annotations

Branches:
Dungeon (2/15)

Altars:

Annotations:
D:2 Robin


Innate Abilities, Weirdness & Mutations

You are immune to poison.
Your flesh is cold resistant. (rC+)
You are immune to negative energy. (rN+++)
You are immune to unholy pain and torment.
You are vulnerable to heat. (rF-)
You are in touch with the powers of death.
You do not drink.
You have a special connection with the divine. (Faith)


Message History

The hobgoblin hits you but does no damage.
The goblin hits you but does no damage. The goblin barely misses you.
The hobgoblin barely misses you. The goblin hits you but does no damage.
The hobgoblin hits you but does no damage. x2
The goblin hits you but does no damage. x2
Robin roars a battlecry!
The goblins go into a battle-frenzy!
The goblin barely misses you.
There is a stone staircase leading up here.
The goblin hits you but does no damage. The hobgoblin closely misses you.
The hobgoblin hits you. The goblin barely misses you. x3
The goblin hits you with a +0 dagger of freezing.
You climb upwards.
There is a stone staircase leading down here.
The goblin attacks as you move away! You block the goblin's attack.
The goblin attacks as you move away! The goblin hits you with a +0 club.
The hobgoblin attacks as you move away! The hobgoblin barely misses you.
The goblin closely misses you.
You hit the goblin but do no damage. The hobgoblin hits you.
The goblin barely misses you. The goblin hits you with a +0 dagger.
The goblin hits you but does no damage.
You barely miss the goblin. The hobgoblin hits you.
You block the goblin's attack. The goblin hits you with a +0 club.
* * * LOW HITPOINT WARNING * * *
The goblin hits you but does no damage. The hobgoblin closely misses you.
The goblin hits you but does no damage.
You hit the goblin.
The goblin is heavily wounded.
The hobgoblin hits you but does no damage.
The goblin hits you but does no damage. x2; You block the goblin's attack.
The hobgoblin barely misses you.
The goblin hits you with a +0 dagger of freezing.
* * * LOW HITPOINT WARNING * * *
You hit the goblin.
The goblin is severely wounded.
The hobgoblin hits you but does no damage.
The goblin hits you with a +0 dagger.
* * * LOW HITPOINT WARNING * * *
The goblin hits you with a +0 club.
You die...

#...#......######.#.#^## ####
###...####.## ##.##.# #...
##.####...## #.##.# #.##
#.###.....## #.##.# #.#
#.##.......####.##.# #.#
#.##............##.# #.#
#.##..........####.# ##.##
#.###.......gg# #.# #...#
#.####......g@####.#######...#
#...........ggg...............
#######......g##########......
#.......# #...... #.......#
#...... ######### ##.....
#..... ##.##. #####


You could see 2 hobgoblins and 5 goblins.

Vanquished Creatures
  A dart slug (D:1)
  3 ball pythons (D:1)
  3 bats (D:1)
  3 endoplasms
  3 giant cockroaches (D:1)
  6 goblins
  2 hobgoblins
  3 jackals (D:1)
  A quokka (D:1)
  2 frilled lizards (D:1)
  5 kobolds (D:1)
  3 rats (D:1)
35 creatures vanquished.

Notes
Turn   | Place    | Note
-------+----------+-------------------------------------------
     0 | D:1      | browni3141 the Mummy Fighter began the quest for the Orb.
     0 | D:1      | Reached XP level 1. HP: 18/18 MP: 1/1
   144 | D:1      | Reached XP level 2. HP: 23/24 MP: 2/2
   549 | D:1      | Gained mutation: You are in touch with the powers of death.
                  | [Mummy growth]
   549 | D:1      | Reached XP level 3. HP: 28/29 MP: 3/3
   950 | D:2      | Noticed Robin
  1032 | D:1      | Slain by a goblin

Illustrated notes

Levels and vault maps discovered:
D:1:      psy_arrival_whirlpool, layout_loops_ring
D:2:      layout_rooms, serial_glass, glass_columns_b, glass_columns_a,
          glass_columns_a, glass_columns_c, glass_columns_b, glass_columns_c,
          glass_columns_a, glass_columns_b, glass_columns_a, glass_columns_b,
          uniq_robin

Skill      XL: |  1  2  3 |
---------------+----------+-----
Short Blades   | 2 3 |  3.1
Fighting       | |  3.0
Armour         | |  2.4
Shields        | |  2.4

Action                     || total
---------------------------++-------
  Melee: Rapier            ||   141
 Armour: Scale mail        ||    76
  Dodge: Dodged            ||    76
  Block: Buckler           ||    26

Table legend: (Time is in decaauts)
 A = Elapsed time spent in this place.
 B = Non-inter-level travel time spent in this place.
 C = Inter-level travel time spent in this place.
 D = Time resting spent in this place.
 E = Time spent auto-exploring this place.
 F = Levels seen in this place.
 G = Mean time per level.
                   A        B        C        D        E       F      G
               +--------+--------+--------+--------+--------+-----+--------+
         Total |   1050 |   1027 |     23 |     47 |    671 |   2 |  525.0 |
       Dungeon |   1050 |   1027 |     23 |     47 |    671 |   2 |  525.0 |
               +--------+--------+--------+--------+--------+-----+--------+

Top non-repeatable levels by time:
     D:1: 869 daAuts
     D:2: 181 daAuts
